 Dungeon Crawl Stone Soup version 0.23-a0-370-gf497b7c (webtiles) character file.

385 Gorice the Ducker (level 6, -5/51 HPs)
             Began as a Gnoll Wanderer on Oct 24, 2018.
             Killed by divine providence
             ... invoked by an orc priest
              (13 damage)
             ... on level 3 of the Dungeon.
             The game lasted 00:09:50 (3737 turns).

Gorice the Ducker (Gnoll Wanderer)                  Turns: 3737, Time: 00:09:50

Health: -5/51      AC: 11    Str: 14    XL:     6   Next: 77%
Magic:  9/9        EV:  7    Int: 12    God:
Gold:   140        SH:  0    Dex: 21    Spells: 9/9 levels left

rFire    . . .     SeeInvis .   d - +0 spear
rCold    . . .     Gourm    .   (no shield)
rNeg     . . .     Faith    .   l - +1 plate armour
rPois    .         Spirit   .   (no helmet)
rElec    .         Reflect  .   (no cloak)
rCorr    .         Harm     .   (no gloves)
MR       .....                  (no boots)
Stlth    ..........             (no amulet)
HPRegen  0.17/turn              p - +2 ring of dexterity
MPRegen  0.11/turn              (no ring)

@: no status effects
A: distributed training, fangs 1, strong nose
a: no special abilities


You were on level 3 of the Dungeon.
You were not hungry.

You visited 1 branch of the dungeon, and saw 3 of its levels.

You collected 140 gold pieces.

Inventory:

Hand Weapons
 d - a +0 spear (weapon)
 e - a +0 dagger
 i - a +2 dagger of freezing
   (You took it off a kobold on level 1 of the Dungeon)
 k - a +0 flail
Missiles
 v - 18 sling bullets
 Y - 73 stones (quivered)
 Z - 4 throwing nets {!f}
Armour
 a - a +0 leather armour
 l - a +1 plate armour (worn)
Jewellery
 p - a +2 ring of dexterity (left hand)
Wands
 j - a wand of acid (8)
 m - a wand of disintegration (8)
Scrolls
 c - a scroll of remove curse
 q - 3 scrolls of teleportation {!r}
 s - a scroll of enchant weapon {unknown}
 t - 2 scrolls of identify
 u - a scroll of magic mapping {!r}
Potions
 b - 2 potions of curing
 g - a potion of invisibility {!q}
 h - a potion of agility {!q}
 n - a potion of lignification {!q}
 r - a potion of berserk rage
Comestibles
 f - 5 rations
 o - a chunk of flesh


   Skills:
 + Level 5.0 Fighting
 + Level 2.1 Short Blades
 + Level 2.1 Long Blades
 + Level 2.1 Axes
 + Level 2.1 Maces & Flails
 + Level 3.3 Polearms
 + Level 2.1 Staves
 + Level 2.1 Slings
 + Level 2.1 Bows
 + Level 2.1 Crossbows
 + Level 2.1 Throwing
 + Level 2.1 Armour
 + Level 6.9 Dodging
 + Level 4.6 Stealth
 + Level 2.1 Shields
 + Level 2.1 Unarmed Combat
 + Level 2.1 Spellcasting
 + Level 1.6 Conjurations
 + Level 1.6 Hexes
 + Level 1.6 Charms
 + Level 1.6 Summonings
 + Level 1.6 Necromancy
 + Level 1.6 Translocations
 + Level 1.6 Transmutations
 + Level 1.6 Fire Magic
 + Level 1.6 Ice Magic
 + Level 1.6 Air Magic
 + Level 1.6 Earth Magic
 + Level 1.6 Poison Magic
 + Level 2.3 Invocations
 + Level 5.0 Evocations


You had 9 spell levels left.
You didn't know any spells.
Your spell library was empty.

Dungeon Overview and Level Annotations

Branches:
Dungeon (3/15)

Altars:


Innate Abilities, Weirdness & Mutations

Your experience applies equally to all skills.
You have very sharp teeth.
Your uncanny sense of smell can sniff out nearby items.


Message History

Found 26 arrows.
Some of the chunks of flesh in your inventory have rotted away.
You open the door.
There is an open door here.
There is a stone staircase leading down here.
q - 3 scrolls of teleportation {!r} (gained 1)
You see here a whip.
You see here 16 arrows.
Found 18 sling bullets.
You see here 18 sling bullets.
v - 18 sling bullets An ooze and an orc priest come into view.
The orc priest shouts!
The ooze quivers.
You hear a shout! x2
Found 16 stones and a scroll of remove curse.
You hit the ooze but do no damage. The ooze barely misses you.
An orc priest comes into view. It is wielding a +0 flail.
The orc priest looks satisfied for a moment.
The orc priest begins to cast a cantrip, but forgets the words!
The orc priest looks satisfied for a moment.
An orc comes into view. It is wielding a +0 mace.
The ooze jiggles.
You hit the orc.
The orc is moderately wounded.
The orc hits you but does no damage. The ooze hits you.
Damage: 2 (max 2)
The orc hits you but does no damage.
The orc priest calls down the wrath of Beogh upon you.
Beogh smites you! The orc hits you but does no damage.
Damage: 13 (max 13)
The orc priest calls down the wrath of Beogh upon you.
Beogh smites you!
The orc priest calls down the wrath of Beogh upon you.
Beogh smites you!
* * * LOW HITPOINT WARNING * * *
Damage: 22 (max 22)
The orc priest calls upon Beogh to heal the orc.
The orc's wounds heal themselves!
The ooze jiggles.
The ooze jiggles.
The orc priest invokes the aid of Beogh against you.
Beogh smites you!
* * * LOW HITPOINT WARNING * * *
Damage: 13 (max 22)
The orc priest looks encouraged for a moment.
There is an open door here.
The orc priest mumbles some strange prayers to Beogh against you.
Beogh smites you!
You die...

# #.# # #.# #########.#######
........>.......# ##
########.#......############## #.
...................#.........# #.
.................#.#.........###.
..................Jo...o.......'.
..##.######...#<@#.######'######.
..##......#.#.##.#.# #.# #.
..#######.#.#......# #.# #. ..#
#.#.#####+#######.# ## ..# #.#.#
#........##.# ### ####.#.#
#........##.# ######....#.#
#........##.# .......####.#
#........##+##
.......####.###............#


You could see an orc priest, an ooze and an orc.

Vanquished Creatures
  Sigmund (D:2)
  A scorpion (D:2)
  Jessica (D:2)
  3 adders
  3 gnolls (D:2)
  6 worms
  2 dart slugs
  An orc (D:3)
  5 giant cockroaches
  6 hobgoblins
  2 jackals (D:2)
  7 kobolds
  4 ball pythons
  11 bats
  5 frilled lizards
  12 goblins
  2 rats
72 creatures vanquished.

Notes
Turn   | Place    | Note
-------+----------+-------------------------------------------
     0 | D:1      | Gorice the Gnoll Wanderer began the quest for the Orb.
     0 | D:1      | Gorice set off with: a +0 leather armour, a potion of
                  | lignification {!q}, a +0 spear, a +0 dagger, a ration, 4
                  | throwing nets {!f}
     0 | D:1      | Reached XP level 1. HP: 20/20 MP: 3/3
   202 | D:1      | Reached XP level 2. HP: 13/26 MP: 5/5
   721 | D:1      | Reached XP level 3. HP: 24/31 MP: 6/6
  1308 | D:2      | Noticed a scorpion
  1321 | D:2      | Killed a scorpion
  1321 | D:2      | Reached skill level 1 in Short Blades
  1321 | D:2      | Reached skill level 1 in Long Blades
  1321 | D:2      | Reached skill level 1 in Axes
  1321 | D:2      | Reached skill level 1 in Maces & Flails
  1321 | D:2      | Reached skill level 1 in Staves
  1321 | D:2      | Reached skill level 1 in Slings
  1321 | D:2      | Reached skill level 1 in Bows
  1321 | D:2      | Reached skill level 1 in Crossbows
  1321 | D:2      | Reached skill level 1 in Throwing
  1321 | D:2      | Reached skill level 1 in Armour
  1321 | D:2      | Reached skill level 1 in Shields
  1321 | D:2      | Reached skill level 1 in Unarmed Combat
  1321 | D:2      | Reached skill level 1 in Spellcasting
  1321 | D:2      | Reached skill level 1 in Invocations
  1321 | D:2      | Reached XP level 4. HP: 16/38 MP: 7/7
  1325 | D:2      | HP: 17/57 [poisoned by a scorpion]
  1330 | D:2      | HP: 13/57 [poisoned by a scorpion]
  1335 | D:2      | HP: 10/57 [poisoned by a scorpion]
  1341 | D:2      | HP: 8/57 [poisoned by a scorpion]
  1347 | D:2      | HP: 7/57 [poisoned by a scorpion]
  1355 | D:2      | HP: 6/57 [poisoned by a scorpion]
  1754 | D:2      | Reached skill level 1 in Conjurations
  1754 | D:2      | Reached skill level 1 in Hexes
  1754 | D:2      | Reached skill level 1 in Charms
  1754 | D:2      | Reached skill level 1 in Summonings
  1754 | D:2      | Reached skill level 1 in Necromancy
  1754 | D:2      | Reached skill level 1 in Translocations
  1754 | D:2      | Reached skill level 1 in Transmutations
  1754 | D:2      | Reached skill level 1 in Fire Magic
  1754 | D:2      | Reached skill level 1 in Ice Magic
  1754 | D:2      | Reached skill level 1 in Air Magic
  1754 | D:2      | Reached skill level 1 in Earth Magic
  1754 | D:2      | Reached skill level 1 in Poison Magic
  2009 | D:2      | Noticed Sigmund
  2122 | D:2      | Reached XP level 5. HP: 43/43 MP: 8/8
  2233 | D:2      | HP: 11/43 [gnoll/+0 spear (7)]
  2236 | D:2      | HP: 4/43 [gnoll/+0 spear (7)]
  2961 | D:2      | Killed Sigmund
  2961 | D:2      | Reached skill level 3 in Polearms
  2961 | D:2      | Reached skill level 2 in Invocations
  2961 | D:2      | Reached XP level 6. HP: 50/50 MP: 9/9
  2964 | D:2      | Noticed Jessica
  3013 | D:2      | Reached skill level 5 in Fighting
  3013 | D:2      | Reached skill level 5 in Evocations
  3026 | D:2      | Killed Jessica
  3026 | D:2      | Reached skill level 2 in Short Blades
  3026 | D:2      | Reached skill level 2 in Long Blades
  3026 | D:2      | Reached skill level 2 in Axes
  3026 | D:2      | Reached skill level 2 in Maces & Flails
  3026 | D:2      | Reached skill level 2 in Staves
  3026 | D:2      | Reached skill level 2 in Slings
  3026 | D:2      | Reached skill level 2 in Bows
  3026 | D:2      | Reached skill level 2 in Crossbows
  3026 | D:2      | Reached skill level 2 in Throwing
  3026 | D:2      | Reached skill level 2 in Armour
  3026 | D:2      | Reached skill level 2 in Shields
  3026 | D:2      | Reached skill level 2 in Unarmed Combat
  3026 | D:2      | Reached skill level 2 in Spellcasting
  3701 | D:3      | HP: 15/51 [orc priest/divine providence (12)]
  3721 | D:3      | HP: 5/51 [orc priest/divine providence (13)]
  3737 | D:3      | Killed from afar by an orc priest

Vault maps used:
D:1:      dpeg_arrival_solitude, minmay_misc_feat_columns, minmay_ruptured
D:2:      first_ration, serial_forest, infiniplex_forest_clump_small,
          infiniplex_forest_clump_small, infiniplex_forest_lined_1,
          infiniplex_forest_end_3, infiniplex_forest_clump_double,
          infiniplex_forest_straight_2, infiniplex_forest_end_2,
          infiniplex_forest_pool, infiniplex_forest_lined_room_, st_stairs_5,
          minmay_pentomino_z2, uniq_jessica, uniq_sigmund

Skill      XL: |  1  2  3  4  5  6 |
---------------+-------------------+-----
Short Blades   | 1 2 |  2.1
Long Blades    | 1 2 |  2.1
Axes           | 1 2 |  2.1
Maces & Flails | 1 2 |  2.1
Staves         | 1 2 |  2.1
Slings         | 1 2 |  2.1
Bows           | 1 2 |  2.1
Crossbows      | 1 2 |  2.1
Throwing       | 1 2 |  2.1
Armour         | 1 2 |  2.1
Shields        | 1 2 |  2.1
Unarmed Combat | 1 2 |  2.1
Spellcasting   | 1 2 |  2.1
Invocations    | 1 2 |  2.3
Conjurations   | 1 |  1.6
Hexes          | 1 |  1.6
Charms         | 1 |  1.6
Summonings     | 1 |  1.6
Necromancy     | 1 |  1.6
Translocations | 1 |  1.6
Transmutations | 1 |  1.6
Fire Magic     | 1 |  1.6
Ice Magic      | 1 |  1.6
Air Magic      | 1 |  1.6
Earth Magic    | 1 |  1.6
Poison Magic   | 1 |  1.6
Polearms       | 3 |  3.3
Fighting       | 5 |  5.0
Evocations     | 5 |  5.0
Dodging        | |  6.9
Stealth        | |  4.6

Action                   |  1- 3 |  4- 6 || total
-------------------------+-------+-------++-------
Melee: Spear             |    95 |   248 ||   343
       Bite              |     7 |    38 ||    45
Throw: Stone             |       |     4 ||     4
Evoke: Wand              |       |     2 ||     2
  Use: Scroll            |     5 |     5 ||    10
       Potion            |       |     1 ||     1
 Stab: Sleeping          |     3 |       ||     3
  Eat: Chunk             |     1 |     8 ||     9
Armor: Leather armour    |     2 |       ||     2
       Plate armour      |    46 |   143 ||   189
Dodge: Dodged            |    20 |    71 ||    91

Table legend:
 A = Non-vault XP
 B = Vault XP
 C = Vault XP percentage of total XP
 D = Non-vault monster count
 E = Vault monster count
 F = Vault count percentage of total count
                 A         B        C        D         E       F
            +---------+---------+-------+---------+---------+-------
      Total |     245 |     305 |  55.5 |      59 |      13 |  18.1
            +---------+---------+-------+---------+---------+-------
        D:1 |      35 |      12 |  25.5 |      22 |       6 |  21.4
        D:2 |     151 |     293 |  66.0 |      20 |       7 |  25.9
        D:3 |      59 |       0 |   0.0 |      17 |       0 |   0.0
            +---------+---------+-------+---------+---------+-------

Table legend:
 A = Turns spent in this place as a percentage of turns spent in the entire game.
 B = Non-inter-level travel turns spent in this place as a percentage of non-inter-level travel turns spent in the entire game.
 C = Inter-level travel turns spent in this place as a percentage of turns spent in this place.
 D = Turns resting spent in this place as a percentage of non-inter-level travel turns spent in this place.
 E = Turns spent auto-exploring this place as a percentage of non-inter-level travel turns spent in this place.
 F = Non-inter-level travel turns spent in this place divided by the number of levels of this place that you've seen.
                   A       B       C       D       E      F
               +-------+-------+-------+-------+-------+----------------------
         Total | 100.0 | 100.0 |   4.5 |  23.5 |  45.0 | 1189.3
       Dungeon | 100.0 | 100.0 |   4.5 |  23.5 |  45.0 | 1189.3
               +-------+-------+-------+-------+-------+----------------------

Vault maps used:
D:1:      dpeg_arrival_solitude, minmay_misc_feat_columns, minmay_ruptured
D:2:      first_ration, serial_forest, infiniplex_forest_clump_small,
          infiniplex_forest_clump_small, infiniplex_forest_lined_1,
          infiniplex_forest_end_3, infiniplex_forest_clump_double,
          infiniplex_forest_straight_2, infiniplex_forest_end_2,
          infiniplex_forest_pool, infiniplex_forest_lined_room_, st_stairs_5,
          minmay_pentomino_z2, uniq_jessica, uniq_sigmund
